AoeStats
← DippityDang

Black Forest

508090068Analyzed
4v4 RM · 12d ago on Sep 20, 2026· 38m 38s· 8 players
Game mode
Random Map
Map size
Large (8 player)
Population
200
Speed
Normal
Resources
Standard
Victory
Conquest
Starting age
Dark Age
Ending age
Imperial Age
RankedLock teamsTeams togetherTeam positionsShared explorationLock speedFull tech treeHidden civsTurbo modeCheats
Victory
Defeat
🇲🇽 Bengalis · Mexico
1586
+13
🇺🇸 Persians · United States
1575
+14
🇨🇳 Persians · China
1573
+14
🇦🇷 Maya · Argentina
1504
+17
🇬🇧 Ethiopians · United Kingdom
1543
-15
🇹🇷 Persians · Türkiye
1536
-15
🇩🇪 Bohemians · Germany
1504
-14
🇦🇹 Mongols · Austria
1503
-14
Rest in Pieces
1:10 Loom
12:40 Feudal Age
13:11 Town Watch
16:43 Castle Age
15:33 Double-Bit Axe
18:00 Bow Saw
21:03 Wheelbarrow
20:27 Horse Collar
23:37 Fishing Lines
24:18 Gillnets
25:36 Gold Mining
30:08 Imperial Age
28:02 Fletching
29:18 Gold Shaft Mining
28:49 Bodkin Arrow
29:58 Padded Archer Armor
30:17 Heavy Plow
30:51 Bracer
31:52 Chemistry
31:06 Stone Mining
31:48 Conscription
31:50 Ballistics
31:21 Onager
33:34 Leather Archer Armor
33:13 Elite Mangudai
34:35 Bloodlines
34:33 Thumb Ring
35:18 Husbandry
35:44 Parthian Tactics
35:36 Caravan
36:56 Siege Engineers
Chopper
11:04 Feudal Age
14:41 Castle Age
12:38 Double-Bit Axe
12:54 Horse Collar
15:51 Bow Saw
17:24 Fishing Lines
21:11 Wheelbarrow
23:07 Heavy Plow
24:48 Hand Cart
24:35 Gold Mining
28:23 Imperial Age
25:57 Fletching
26:31 Ballistics
26:40 Bodkin Arrow
27:33 Padded Archer Armor
27:25 Arson
29:01 Gold Shaft Mining
28:16 Stone Mining
28:25 Gillnets
28:30 Crossbowman
28:33 Onager
30:17 Chemistry
29:10 Arbalester
30:15 Conscription
31:17 Two-Man Saw
30:38 Thumb Ring
30:30 Loom
31:08 Guilds
32:46 Siege Engineers
33:26 Torsion Engines
33:38 Bracer
35:49 Masonry
35:15 Siege Onager
37:14 Leather Archer Armor
37:48 Architecture
36:46 Elite Skirmisher
Espresso
0:45 Loom
10:42 Feudal Age
11:05 Man-at-Arms
12:28 Wheelbarrow
16:21 Fletching
21:40 Castle Age
20:45 Double-Bit Axe
23:55 Town Watch
24:56 Fervor
30:03 Imperial Age
28:51 Bow Saw
29:06 Scale Mail Armor
29:21 Pikeman
30:33 Halberdier
32:46 Chain Mail Armor
34:21 Forging
nicetobeatyou
5:28 Loom
11:37 Feudal Age
15:45 Castle Age
14:03 Double-Bit Axe
19:11 Horse Collar
19:31 Fishing Lines
24:01 Bow Saw
24:27 Heavy Plow
25:08 Gold Mining
26:58 Gold Shaft Mining
27:19 Wheelbarrow
30:39 Imperial Age
28:17 Scale Barding Armor
28:23 Forging
29:19 Chain Barding Armor
29:10 Forging
30:11 Husbandry
30:23 Bloodlines
30:42 Hand Cart
30:13 Town Watch
31:27 Iron Casting
30:48 Stone Mining
30:38 Elite War Elephant
31:55 Plate Barding Armor
31:16 Gillnets
32:30 Conscription
36:25 Blast Furnace
DippityDang
11:13 Feudal Age
14:58 Castle Age
12:55 Double-Bit Axe
14:42 Fishing Lines
15:43 Bow Saw
17:54 Horse Collar
18:02 Fishing Lines
21:27 Gillnets
22:47 Heavy Plow
23:16 Gold Mining
24:17 Wheelbarrow
25:45 Scale Barding Armor
26:14 Hand Cart
28:34 Imperial Age
26:48 Chain Barding Armor
26:23 Loom
27:20 Forging
27:06 Stone Mining
28:17 Bloodlines
29:12 Iron Casting
28:40 Husbandry
29:27 Plate Barding Armor
28:15 Cavalier
29:39 Savar
31:14 Masonry
32:22 Blast Furnace
31:42 Caravan
32:11 Scale Mail Armor
33:00 Conscription
32:46 Devotion
34:32 Sappers
35:02 Light Cavalry
Josh
0:42 Loom
11:45 Feudal Age
12:18 Double-Bit Axe
12:43 Fishing Lines
15:56 Wheelbarrow
16:35 Fletching
20:29 Castle Age
21:37 Gillnets
22:26 Bow Saw
25:27 Town Watch
26:39 Horse Collar
32:02 Imperial Age
29:51 Bodkin Arrow
29:51 Gold Mining
30:51 Hand Cart
31:20 Gold Shaft Mining
31:06 Padded Archer Armor
32:21 Leather Archer Armor
32:45 Bracer
33:15 Ballistics
33:02 Elite Elephant Archer
34:57 Conscription
35:47 Ring Archer Armor
35:30 Bloodlines
35:21 Husbandry
36:31 Devotion
37:16 Paiks
39:16 Forging
39:11 Scale Barding Armor
CansadoTarde
0:26 Loom
15:57 Feudal Age
20:08 Castle Age
19:05 Double-Bit Axe
23:45 Town Watch
28:01 Imperial Age
26:18 Fletching
27:24 Bodkin Arrow
30:43 Bracer
33:12 Padded Archer Armor
34:41 Ballistics
34:58 Leather Archer Armor
37:16 Ring Archer Armor
36:42 Horse Collar
36:45 Elite Skirmisher
37:37 Thumb Ring
38:21 Conscription
39:14 Wheelbarrow
38:48 Hul'che Javelineers
38:54 Hul'che Javelineers
我是你巴巴
10:02 Feudal Age
11:07 Loom
14:37 Castle Age
13:28 Double-Bit Axe
13:26 Horse Collar
17:18 Bow Saw
21:48 Heavy Plow
22:45 Wheelbarrow
22:48 Gold Mining
28:54 Imperial Age
26:32 Scale Barding Armor
27:31 Hand Cart
27:30 Bloodlines
27:51 Husbandry
28:51 Chain Barding Armor
28:48 Town Watch
28:32 Cavalier
29:12 Onager
30:26 Forging
31:08 Crop Rotation
31:28 Conscription
32:07 Plate Barding Armor
31:44 Savar
33:41 Iron Casting
38:14 Two-Man Saw
38:15 Coinage
39:07 Blast Furnace
39:19 Block Printing
Connection lost

Rejoining the realm…

Still unreachable

The connection could not be restored.

Session expired

The server has moved on; the page needs a fresh start.